 Dungeon Crawl Stone Soup version 0.29-a0-284-gf9362112df (webtiles) character file.

Game seed: 4314744155368098908

169186 avis the Warrior (level 17, -10/163 HPs)
             Began as a Hill Orc Necromancer on Mar 27, 2022.
             Was a High Priest of Beogh.
             Mangled by a salamander tyrant (27 damage)
             ... on level 4 of the Snake Pit on Mar 30, 2022.
             The game lasted 07:51:02 (44569 turns).

avis the Warrior (Hill Orc Necromancer)            Turns: 44569, Time: 07:51:03

Health: -10/163    AC: 38    Str: 23    XL:     17   Next: 66%
Magic:  22/27      EV: 14    Int: 23    God:    Beogh [*****.]
Gold:   1883       SH:  6    Dex: 20    Spells: 10/30 levels left

rFire   x . .      SeeInvis +   a - +5 demon blade (vamp)
rCold   . . .      Faith    +   J - +0 buckler "Usofixzi" {rF- Regen+ Int+2 SInv Stlth+}
rNeg    . . .      Spirit   .   A - +5 steam dragon scales
rPois   .          Reflect  .   d - +4 hat "Botyqow" {Stlth+}
rElec   .          Harm     .   N - +1 cloak
rCorr   .          Rampage  +   y - +2 pair of gloves of the Battered Olives {Rampage Dex+3 Slay+5}
Will    +++..                   E - +2 pair of boots
Stlth   ++++......              F - amulet of faith
HPRegen 1.17/turn               M - ring "Joigis" {Str+6 Int+6}
MPRegen 0.20/turn               t - ring of Vozeg {Will++ AC+4 Dex+4}

@: ice-armoured, weakened, studying Unarmed Combat
A: walk on water
}: 1/15 runes: barnacled
a: Renounce Religion, Smiting, Recall Orcish Followers, Give Item to Named
Follower


You were on level 4 of the Snake Pit.
You worshipped Beogh.
Beogh was extremely pleased with you.
You visited 6 branches of the dungeon, and saw 28 of its levels.
You also visited: Sewer and Gauntlet.

You collected 4094 gold pieces.
You spent 2211 gold pieces at shops.

Inventory:

Hand Weapons
 a - a +5 vampiric demon blade (weapon)
 b - the +4 long sword "Ymuez" {speed, rPois}
   (You bought it in a shop on level 3 of the Shoals)

   Attacks with this weapon are significantly faster.
   rPois:     It protects you from poison.
 c - a +1 long sword of holy wrath
 m - a +0 great sword of electrocution
 w - the +9 hand crossbow of Chagrin {penet, rF+ rC+ Str-3}
   (You found it on level 3 of the Shoals)

   Any ammunition fired by it passes through the targets it hits, potentially
   hitting all targets in its path until it reaches maximum range.
   Str:       It affects your strength (-3).
   rF:        It protects you from fire.
   rC:        It protects you from cold.
 I - a +0 halberd
 K - a +0 halberd
 L - a +2 hand axe of venom
Armour
 d - the +4 hat "Botyqow" (worn) {Stlth+}
   (You acquired it on level 5 of the Dungeon)

   Stlth:     It makes you more stealthy.
 y - the +2 pair of gloves of the Battered Olives (worn) {Rampage Dex+3 Slay+5}
   (You found it in a Gauntlet)

   Dex:       It affects your dexterity (+3).
   Slay:      It affects your accuracy & damage with ranged weapons and melee
   (+5).
   Rampage:   It bestows one free step when moving towards enemies.
 A - +5 steam dragon scales (worn)
 E - a +2 pair of boots (worn)
 J - the +0 buckler "Usofixzi" (worn) {rF- Regen+ Int+2 SInv Stlth+}
   (You took it off a minotaur in a Gauntlet)

   Int:       It affects your intelligence (+2).
   rF:        It makes you vulnerable to fire.
   SInv:      It lets you see invisible.
   Regen:     It increases your rate of health regeneration.
   Stlth:     It makes you more stealthy.
 N - a +1 cloak (worn)
Jewellery
 t - the ring of Vozeg (right hand) {Will++ AC+4 Dex+4}
   (You found it in a Gauntlet)

   [ring of protection]

   AC:        It affects your AC (+4).
   Dex:       It affects your dexterity (+4).
   Will:      It greatly increases your willpower.
 F - an amulet of faith (around neck)
 M - the ring "Joigis" (left hand) {Str+6 Int+6}
   (You found it in a Gauntlet)

   [ring of intelligence]

   Str:       It affects your strength (+6).
   Int:       It affects your intelligence (+6).
Wands
 e - a wand of iceblast (17)
 i - a wand of acid (3)
 j - a wand of charming (3)
 l - a wand of mindburst (11)
 D - a wand of digging (16)
 H - a wand of flame (47)
 X - a wand of polymorph (7)
Scrolls
 f - 3 scrolls of blinking
 h - 3 scrolls of magic mapping
 k - a scroll of immolation
 q - a scroll of identify
 v - a scroll of summoning
 x - 12 scrolls of teleportation
 B - a scroll of silence
 C - 2 scrolls of holy word
 U - 6 scrolls of fog
 Y - 3 scrolls of fear
Potions
 g - 6 potions of curing
 o - 9 potions of lignification
 p - 4 potions of resistance
 r - 7 potions of haste
 s - 5 potions of brilliance
 u - 3 potions of invisibility
 z - 6 potions of flight
 G - a potion of ambrosia
 R - 4 potions of might
Miscellaneous
 n - a box of beasts
 P - a phantom mirror
 S - a tin of tremorstones (2/2)
 T - a condenser vane


   Skills:
 * Level 18.1 Fighting
 - Level 14.0 Long Blades
 - Level 2.0 Axes
 - Level 11.0 Armour
 - Level 5.0 Dodging
 - Level 1.5 Stealth
 - Level 4.0 Shields
 - Level 7.0 Spellcasting
 - Level 5.0 Necromancy
 - Level 7.0 Translocations
 - Level 8.0 Transmutations
 - Level 7.0 Ice Magic
 - Level 9.0 Earth Magic
 - Level 10.0 Invocations
 - Level 5.0 Evocations


You had 10 spell levels left.
You knew the following spells:

 Your Spells              Type           Power      Damage    Failure   Level
a - Pain                  Necr           100%       1d9       1%          1
b - Blink                 Tloc           80%        N/A       1%          2
d - Vampiric Draining     Necr           31%        2d8       3%          3
o - Ozocubu's Armour      Ice            40%        N/A       1%          3
M - Manifold Assault      Tloc           40%        N/A       16%         5
S - Statue Form           Tmut/Erth      31%        N/A       41%         6

Your spell library contained the following spells:

 Spells                   Type           Power      Damage    Failure   Level
 Animate Skeleton         Necr           62%        N/A       1%          1
 Apportation              Tloc           80%        N/A       1%          1
 Petrify                  Tmut/Erth      47%        N/A       3%          4
 Passage of Golubria      Tloc           40%        N/A       5%          4
 Summon Small Mammal      Summ           32%        N/A       10%         1
 Animate Dead             Necr           15%        N/A       12%         4
 Scorch                   Fire           16%        2d6       14%         2
 Summon Ice Beast         Ice/Summ       24%        N/A       22%         4
 Dazzling Flash           Conj/Hex       16%        N/A       28%         3
 Tukima's Dance           Hex            8%         N/A       28%         3
 Anguish                  Hex/Necr       9%         N/A       34%         4
 Agony                    Necr           31%        N/A       34%         5
 Excruciating Wounds      Necr           15%        N/A       34%         5
 Alistair's Intoxication  Tmut/Pois      17%        N/A       45%         5
 Yara's Violent Unravell  Hex/Tmut       13%        3d7       45%         5
 Metabolic Englaciation   Hex/Ice        12%        N/A       54%         5
 Cause Fear               Hex            4%         N/A       67%         4
 Flame Wave               Conj/Fire      8%         2d5       67%         4
 Fireball                 Conj/Fire      4%         3d4       95%         5
 Iskenderun's Battlesphe  Conj           8%         2d6       95%         5
 Silence                  Hex/Air        4%         N/A       95%         5
 Summon Mana Viper        Hex/Summ       8%         N/A       95%         5
 Dragon Form              Tmut           22%        N/A       97%         7
 Ozocubu's Refrigeration  Ice            20%        4d9       99%         7
 Conjure Ball Lightning   Conj/Air       4%         3x3d6     100%        6
 Summon Cactus Giant      Summ           4%         N/A       100%        6
 Enfeeble                 Hex            4%         N/A       100%        7
 Monstrous Menagerie      Summ           4%         N/A       100%        7
 Orb of Destruction       Conj           4%         9d5       100%        7
 Storm Form               Tmut/Air       13%        N/A       100%        7
 Dragon's Call            Summ           4%         N/A       100%        9


Dungeon Overview and Level Annotations

Branches:
Dungeon (11/15)            Temple (1/1) D:7            Lair (6/6) D:10
 Shoals (4/4) Lair:2        Snake (4/4) Lair:3        Slime (0/5) Lair:6
    Orc (2/2) D:9             Elf (0/3) Orc:2         Sewer (visited)
Gauntlet (visited)

Altars:
Ashenzari
Cheibriados
Gozag
Okawaru
Qazlal
Ru
Sif Muna
Trog
Wu Jian
Xom

Shops:
D:6 (   D:9 [   D:11 *   Orc:2 [:?!   Shoals:3 ((([   Snake:2 ***(?

Portals:
Pandemonium: Orc:2
Trove: D:10 (show slimy rune of Zot)

Annotations:
Snake:2 1 runed translucent door, PaleWalker's ghost, adept GnWn


Message History

The heat melts your icy armour.
You slice the anaconda!!
You kill the anaconda!
Beogh accepts your kill. The anaconda misses you.
The anaconda constricts your orc warrior.
The salamander tyrant hits you but does no damage.
The black mamba bites you but does no damage.
The salamander hits you from afar with a +0 spear.
You are engulfed in flames!!
Your icy armour melts away.
The fire burns you terribly!
Your orc warrior struggles to escape constriction.
You miss the anaconda.
The anaconda is moderately wounded.
The anaconda barely misses you.
The anaconda constricts your orc warrior.
The salamander tyrant hits you.
You are engulfed in flames!!!
The fire burns you terribly!
* * * LOW HITPOINT WARNING * * *
The salamander unwields a +0 shortbow of flaming.
It stops flaming.
The salamander hits your ynoxinul.
Your ynoxinul is engulfed in flames!
The salamander tyrant closely misses you.
The salamander hits you from afar with a +0 spear.
* * * LOW HITPOINT WARNING * * *
You are engulfed in flames!!
The fire burns you terribly!
* * * LOW HITPOINT WARNING * * *
The anaconda bites you but does no damage.
The anaconda constricts your orc warrior.
Casting: Ozocubu's Armour (safe; 1% risk of failure)
Confirm with . or Enter, or press ? or * to list all spells.
A film of ice covers your body!
Your orc warrior hits the anaconda with a +0 halberd.
Your ynoxinul misses the anaconda. You block the anaconda's attack.
The anaconda constricts your orc warrior.
The salamander tyrant hits you.
* * * LOW HITPOINT WARNING * * *
You are engulfed in flames!!
The fire burns you terribly!
You die...

..#..#.)).#..#..######...#,,,***
..##.#†...+..#..........##,,,****
...#.##..##..#..........#,*,*,*≈≈
...#..####...#....#####.#*,,,**≈≈
..##........##...##.,,###*,*,*≈≈≈
..#.........##.###.###.#*,,,,**≈≈
..+..........#.###.....#*,,,,,**≈
..####+.....##..#SS§....*,,,,,,**
......#######.oo@NN≈≈≈§.+,,,,,≈≈*
...............3SN≈§§≈≈.*,,,,,≈≈*
................NN≈≈≈≈§.+,,,,,≈≈*
#...............#.......*,,,,,,**
#..............###.....#*,,,,,**≈
#..<...........# *.###.#*,,,,**≈≈
#..............# *#.,,###*,*,*≈≈≈
#..............########.#*,,,**≈≈
#..............##.......#,*,*,*≈≈


You could see 2 salamander tyrants, 3 salamanders, an anaconda (ally target), a
shock serpent, a black mamba, a friendly orc high priest, a friendly ynoxinul
(summoned) and a friendly orc warrior.

Vanquished Creatures
  Mlioglotl (Snake:3)
  Polyphemus (Shoals:2)
  Gastronok (D:9)
  A nagaraja (Snake:3)
  The ghost of siradein the Reanimator, a journeyman DDNe of Makhleb (Shoals:2)
  Louise (Snake:1)
  An orc warlord (Orc:1)
  A minotaur (Gauntlet)
  A merfolk impaler (Shoals:1)
  9 merfolk javelineers
  2 naga warriors
  2 demonspawn (Orc:2)
  4 hydras
  4 boulder beetles
  A catoblepas (Lair:6)
  An alligator snapping turtle (Shoals:1)
  3 merfolk avatars
  A satyr (Shoals:4)
  4 anacondas
  2 two-headed ogres
  3 orc high priests (Orc:2)
  7 death yaks
  5 shock serpents
  8 naga sharpshooters
  A fire crab (Shoals:3)
  A salamander mystic (Snake:2)
  9 sea snakes
  4 naga ritualists
  9 mana vipers
  3 orc knights (Orc:2)
  9 harpies
  A faun (Shoals:1)
  An ugly thing (D:8)
  2 cyclopes
  An oklob plant (Shoals:4)
  2 salamanders
  6 elephants (Lair:6)
  3 manticores
  2 water nymphs
  25 black mambas
  A rust devil (Orc:2)
  7 merfolk sirens
  A guardian serpent (Snake:1)
  12 naga magi
  13 cane toads
  A gargoyle (D:11)
  The ghost of sokol815 the Prestidigitator, a novice GnWn of Ashenzari (D:5)
  5 komodo dragons
  An unseen horror (D:11)
  An efreet (Gauntlet)
  A kobold demonologist (Orc:1)
  A rime drake (Lair:6)
  5 trolls
  3 wind drakes
  2 polar bears (Lair:6)
  A hornet (D:9)
  2 large abominations (Gauntlet)
  Grinder (D:5)
  5 snapping turtles
  27 merfolk
  6 dream sheep
  2 slime creatures (Lair:6)
  A spriggan (Lair:3)
  A ynoxinul (Orc:2)
  Sigmund (D:4)
  41 yaks
  2 shadows (D:10)
  A vampire (D:10)
  3 water elementals
  6 wyverns
  6 small abominations (Gauntlet)
  2 wraiths
  A fire bat (Shoals:3)
  2 fire elementals (Gauntlet)
  3 basilisks
  4 steam dragons
  3 vampire mosquitoes (D:11)
  Menkaure (D:4)
  4 wargs
  Edmund (D:6)
  18 nagas
  19 water moccasins
  Duvessa (D:5)
  2 hell hounds (Gauntlet)
  14 orc warriors
  2 sky beasts
  2 ice beasts
  2 black bears
  9 wolves
  3 centaurs
  7 ogres
  3 phantoms
  17 kobold brigands
  17 bullfrogs
  3 necrophages
  5 scorpions
  Dowan (D:5)
  34 killer bees
  A vampire bat (Orc:1)
  4 howler monkeys
  3 electric eels
  A crimson imp (D:9)
  2 jellies
  Crazy Yiuf (D:4)
  16 orc priests
  2 hounds
  Jessica (D:2)
  3 hell rats (Lair:6)
  3 iguanas
  13 orc wizards
  A mummy (D:7)
  7 gnolls
  8 adders
  A shadow imp (D:6)
  4 white imps
  2 worms
  3 dart slugs
  46 orcs
  13 bats
  6 endoplasms
  3 giant cockroaches
  11 goblins
  7 hobgoblins
  10 jackals
  4 quokkas
  11 ball pythons
  6 frilled lizards
  15 kobolds
  9 rats
  A plant (Shoals:2)
703 creatures vanquished.

Vanquished Creatures (collateral kills)
  The ghost of Wextibu the Brawler, an adept DrTm of Sif Muna (Shoals:2)
  A kraken (Shoals:1)
  Agnes (Snake:1)
  Donald (Snake:1)
  Ilsuiw (Shoals:3)
  Aizul (Shoals:2)
  The ghost of Ymoa the Covert, a journeyman FeEn of Dithmenos (Shoals:2)
  2 merfolk javelineers (Shoals:4)
  2 merfolk impalers
  A boulder beetle (Lair:5)
  6 naga warriors
  3 hydras
  A demonspawn (Orc:2)
  4 anacondas (Snake:1)
  4 catoblepae
  A merfolk avatar (Shoals:3)
  An alligator snapping turtle (Shoals:3)
  2 merfolk aquamancers (Shoals:4)
  7 death yaks
  2 naga sharpshooters
  A fire crab (Shoals:3)
  2 naga ritualists (Snake:3)
  3 sea snakes
  2 mana vipers
  6 harpies
  4 manticores
  A faun (Shoals:1)
  A cyclops (Shoals:4)
  4 salamanders
  3 elephants (Lair:6)
  3 black mambas
  6 merfolk sirens
  5 water nymphs
  3 naga magi
  2 cane toads (Lair:5)
  2 rime drakes (Lair:6)
  2 komodo dragons (Lair:5)
  A red devil (Orc:2)
  A wind drake (Shoals:4)
  16 merfolk
  2 slime creatures (Lair:6)
  A snapping turtle (Shoals:2)
  4 blink frogs
  5 dream sheep
  18 yaks
  3 water elementals
  A basilisk (Lair:6)
  9 nagas
  6 water moccasins
  A black bear (Lair:5)
  4 orc warriors
  3 wolves (Lair:4)
  3 bullfrogs
  3 killer bees
  An orc priest (D:10)
  3 hell rats (Lair:6)
  9 orcs
  A bush (Lair:6)
  A tentacle (Shoals:1)
189 creatures vanquished.

Vanquished Creatures (others)
  5 orc high priests
  3 orc knights
  8 orc warriors
  An orc sorcerer (Orc:2)
  An orc wizard (D:11)
  11 orc priests
  22 orcs
  2 bushes (Lair:6)
  31 fungi
  150 plants
  2 starspawn tentacles (Snake:3)
  4 tentacles (Shoals:1)
  6 withered plants
246 creatures vanquished.

Grand Total: 1138 creatures vanquished

Notes
Turn   | Place    | Note
-------+----------+-------------------------------------------
     0 | D:1      | avis the Hill Orc Necromancer began the quest for the Orb.
     0 | D:1      | Reached XP level 1. HP: 14/14 MP: 3/3
   136 | D:1      | Found a faded altar of an unknown god.
   526 | D:1      | Reached skill level 1 in Fighting
   526 | D:1      | Reached XP level 2. HP: 22/23 MP: 3/5
   782 | D:1      | Reached skill level 2 in Fighting
   942 | D:1      | Reached XP level 3. HP: 28/29 MP: 4/6
  1496 | D:2      | Reached skill level 1 in Axes
  1605 | D:2      | Reached XP level 4. HP: 25/36 MP: 0/7
  1739 | D:2      | Noticed Jessica
  1742 | D:2      | Killed Jessica
  1747 | D:2      | Reached skill level 5 in Necromancy
  2339 | D:3      | Learned a level 3 spell: Ozocubu's Armour
  2740 | D:3      | Reached XP level 5. HP: 27/41 MP: 8/8
  2764 | D:3      | Reached skill level 1 in Long Blades
  3423 | D:3      | Reached skill level 1 in Ice Magic
  3563 | D:4      | Noticed Sigmund
  3840 | D:4      | Noticed Menkaure
  3840 | D:4      | Noticed a black bear
  3894 | D:4      | Killed Menkaure
  3895 | D:4      | Reached skill level 3 in Fighting
  3895 | D:4      | Reached XP level 6. HP: 41/51 MP: 9/9
  4017 | D:4      | Killed Sigmund
  4018 | D:4      | Reached XP level 7. HP: 43/57 MP: 3/10
  4143 | D:4      | Found an opulent altar of Gozag.
  4190 | D:4      | Reached skill level 4 in Fighting
  4387 | D:4      | Reached skill level 5 in Long Blades
  4562 | D:4      | Reached XP level 8. HP: 67/67 MP: 11/11
  4566 | D:4      | Learned a level 3 spell: Vampiric Draining
  4582 | D:4      | Reached skill level 5 in Fighting
  4848 | D:4      | Found a runed translucent door.
  4849 | D:4      | Noticed Crazy Yiuf
  4871 | D:4      | Killed Crazy Yiuf
  5096 | D:5      | Entered Level 5 of the Dungeon
  5105 | D:5      | Identified a scroll of acquirement
  5105 | D:5      | Acquired the +4 hat "Botyqow" {Stlth+}
  5263 | D:5      | Found a runed translucent door.
  5263 | D:5      | Noticed sokol815's ghost (novice GnWn)
  5304 | D:5      | Found a glowing drain.
  5308 | Sewer    | Entered a sewer
  5471 | D:5      | Found a shimmering altar of Xom.
  5588 | D:5      | Noticed Dowan
  5588 | D:5      | Noticed Duvessa
  5611 | D:5      | Killed Duvessa
  5618 | D:5      | Killed Dowan
  5881 | D:5      | Found a stormy altar of Qazlal.
  5891 | D:5      | Became a worshipper of Beogh the Brigand
  6149 | D:5      | Noticed Grinder
  6239 | D:5      | Killed Grinder
  6240 | D:5      | Reached XP level 9. HP: 61/74 MP: 13/13
  7381 | D:6      | Reached skill level 10 in Long Blades
  7409 | D:6      | Found Sisaijuaj's Antique Weapon Boutique.
  7417 | D:6      | Noticed Edmund
  7442 | D:6      | Killed Edmund
  7717 | D:6      | Reached * piety under Beogh
  7761 | D:6      | Reached skill level 5 in Invocations
  8103 | D:7      | Found an iron altar of Okawaru.
  8323 | D:7      | Found a snail-covered altar of Cheibriados.
  8495 | D:7      | Found a staircase to the Ecumenical Temple.
  8504 | Temple   | Entered the Ecumenical Temple
  8652 | D:7      | Reached XP level 10. HP: 81/81 MP: 11/14
  9896 | D:8      | Learned a level 2 spell: Blink
 10149 | D:8      | Reached ** piety under Beogh
 10514 | D:9      | Noticed a white ugly thing
 10542 | D:8      | Killed a white ugly thing
 10543 | D:8      | Reached skill level 1 in Translocations
 11017 | D:9      | Found Noagh's Armour Emporium.
 11057 | D:9      | Noticed Gastronok
 11079 | D:9      | Killed Gastronok
 11194 | D:9      | Reached skill level 1 in Armour
 11203 | D:9      | Reached XP level 11. HP: 69/89 MP: 12/15
 11357 | D:9      | Paralysed by a hornet for 3 turns
 11366 | D:9      | Reached skill level 6 in Fighting
 11380 | D:9      | HP: 1/91 [electric eel/bolt of electricity (8)]
 11813 | D:9      | Reached skill level 7 in Fighting
 12780 | D:9      | Found a staircase to the Orcish Mines.
 12938 | D:9      | Reached *** piety under Beogh
 13497 | D:10     | Entered Level 10 of the Dungeon
 13497 | D:10     | Found a sacrificial altar of Ru.
 13595 | D:10     | Reached skill level 5 in Armour
 13666 | D:10     | Reached skill level 8 in Fighting
 13674 | D:10     | HP: 4/94 [wyvern (13)]
 14006 | D:10     | Found a staircase to the Lair.
 14103 | D:10     | Found a portal to a secret trove of treasure.
 14104 | D:10     | Identified the +0 buckler of the Trilobite {+Blink rC-
                  | Str+4 Int+6}
 14195 | D:10     | Found a bloodstained altar of Trog.
 14373 | D:10     | Reached skill level 1 in Shields
 14565 | D:10     | Noticed a two-headed ogre
 14574 | D:10     | Killed a two-headed ogre
 14582 | D:10     | Reached **** piety under Beogh
 14994 | Lair:1   | Entered Level 1 of the Lair of Beasts
 15322 | Lair:1   | Reached skill level 9 in Fighting
 15322 | Lair:1   | Reached XP level 12. HP: 104/104 MP: 14/18
 16134 | Lair:1   | Learned a level 5 spell: Manifold Assault
 16241 | Lair:2   | Reached skill level 5 in Dodging
 16702 | Lair:2   | Found a staircase to the Shoals.
 17105 | Lair:3   | Found a gate leading to a gauntlet.
 17123 | Gauntlet | Entered a Gauntlet
 17123 | Gauntlet | Noticed a soul eater
 17123 | Gauntlet | Found a transporter.
 17123 | Gauntlet | Found a transporter.
 17123 | Gauntlet | Found a transporter.
 17142 | Gauntlet | Found a transporter.
 17144 | Gauntlet | Found a transporter.
 17158 | Gauntlet | Found a transporter.
 17181 | Gauntlet | Found a transporter.
 17195 | Gauntlet | Found a transporter.
 17202 | Gauntlet | Found a transporter.
 17206 | Gauntlet | Found a transporter.
 17208 | Gauntlet | Found a transporter.
 17290 | Gauntlet | Found a transporter.
 17383 | Gauntlet | Reached skill level 5 in Spellcasting
 17438 | Gauntlet | Identified the ring of Vozeg {Will++ AC+4 Dex+4}
 17635 | Gauntlet | Identified the +2 pair of gloves of the Battered Olives
                  | {Rampage Dex+3 Slay+5}
 17653 | Gauntlet | Acquired 1260 gold pieces
 17707 | Gauntlet | Identified the +0 buckler "Usofixzi" {rF- Regen+ Int+2 SInv
                  | Stlth+}
 17707 | Gauntlet | Noticed a minotaur
 17716 | Gauntlet | Killed a minotaur
 17947 | Gauntlet | Identified the ring "Joigis" {Str+6 Int+6}
 17987 | Lair:3   | Reached skill level 10 in Fighting
 17990 | Lair:3   | Found a staircase to the Snake Pit.
 17994 | Lair:3   | Reached ***** piety under Beogh
 18158 | Lair:3   | Noticed an eight-headed hydra
 18167 | Lair:3   | Killed a five-headed hydra
 18520 | Lair:3   | Noticed a seven-headed hydra
 18532 | Lair:3   | Killed a three-headed hydra
 18533 | Lair:3   | Reached skill level 10 in Invocations
 18533 | Lair:3   | Reached XP level 13. HP: 107/113 MP: 17/20
 19399 | D:11     | Found Gairituz's Changing Room.
 19669 | Lair:4   | Reached skill level 5 in Translocations
 19895 | Lair:3   | Reached skill level 5 in Ice Magic
 19901 | Lair:3   | Gained Bolgrim as an ally
 20550 | Lair:4   | Gained Bogric as an ally
 21175 | Lair:5   | Reached skill level 10 in Armour
 21765 | Lair:5   | Reached ****** piety under Beogh
 22089 | Orc:1    | Entered Level 1 of the Orcish Mines
 22128 | Orc:1    | Reached XP level 14. HP: 121/121 MP: 22/22
 22459 | Orc:1    | Found a shimmering blue altar of Sif Muna.
 22679 | Orc:1    | Noticed an orc warlord
 22679 | Orc:1    | Noticed an orc warlord
 22915 | Orc:1    | Killed an orc warlord
 23119 | Lair:6   | Entered Level 6 of the Lair of Beasts
 23320 | Lair:6   | Reached skill level 1 in Evocations
 23420 | Lair:6   | Gained Borgoth as an ally
 23424 | Lair:6   | Reached skill level 5 in Evocations
 23870 | Lair:6   | Found a staircase to the Slime Pits.
 24104 | Lair:6   | Reached skill level 11 in Fighting
 24274 | Lair:6   | Reached skill level 12 in Fighting
 24659 | Shoals:1 | Entered Level 1 of the Shoals
 24729 | Shoals:1 | Noticed a kraken
 24750 | Shoals:1 | Killed a kraken
 24888 | Shoals:1 | Gained Arbolt as an ally
 25174 | Orc:2    | Entered Level 2 of the Orcish Mines
 25236 | Orc:2    | Found Zegifo's Magic Scroll Shoppe.
 25271 | Orc:2    | Gained Wardok as an ally
 25271 | Orc:2    | Gained Bogwald as an ally
 25271 | Orc:2    | Gained Norbak as an ally
 25274 | Orc:2    | Your ally Bogwald died
 25313 | Orc:2    | Found a staircase to the Elven Halls.
 25535 | Orc:2    | Reached skill level 13 in Fighting
 25535 | Orc:2    | Reached XP level 15. HP: 129/135 MP: 24/24
 26159 | Shoals:1 | Reached skill level 14 in Fighting
 26792 | Shoals:2 | Gained Harm as an ally
 26792 | Shoals:2 | Your ally Harm died
 27224 | Shoals:2 | Reached skill level 15 in Fighting
 27817 | Shoals:2 | Noticed Polyphemus
 27831 | Shoals:2 | Killed Polyphemus
 28010 | Shoals:2 | Noticed Aizul
 28024 | Shoals:2 | Killed Aizul
 28027 | Shoals:2 | Identified the +8 hand crossbow of the Horn {vorpal, rElec
                  | rF++ Str-4 Int-2}
 28924 | Shoals:2 | Found a runed translucent gate.
 28924 | Shoals:2 | Found a runed translucent gate.
 28924 | Shoals:2 | Found a runed translucent gate.
 28924 | Shoals:2 | Noticed Wextibu's ghost (adept DrTm)
 28926 | Shoals:2 | Noticed siradein's ghost (journeyman DDNe)
 28949 | Shoals:2 | Noticed Ymoa's ghost (journeyman FeEn)
 29066 | Shoals:3 | Found Riejumn's Antique Weapon Shoppe.
 29191 | Shoals:2 | Learned a level 6 spell: Statue Form
 29528 | Shoals:3 | Noticed Ilsuiw
 29600 | Shoals:3 | Reached skill level 1 in Transmutations
 29612 | Shoals:3 | Found Omuigruo's Antique Armour Shop.
 29615 | Shoals:3 | Killed Ilsuiw
 29616 | Shoals:3 | Reached skill level 1 in Earth Magic
 29816 | Shoals:3 | Found Ylylat's Antique Weapon Shop.
 29874 | Shoals:3 | Found Rani's Antique Weapon Shop.
 29879 | Shoals:3 | Bought a fine long sword for 263 gold pieces
 29879 | Shoals:3 | Identified the +4 long sword "Ymuez" {speed, rPois} (You
                  | bought it in a shop on level 3 of the Shoals)
 29880 | Shoals:3 | Identified the +9 hand crossbow of Chagrin {penet, rF+ rC+
                  | Str-3}
 29941 | Shoals:3 | Gained Bogwald as an ally
 31559 | Snake:1  | Entered Level 1 of the Snake Pit
 31571 | Snake:1  | Noticed Donald
 31594 | Snake:1  | Killed Donald
 31594 | Snake:1  | Gained Hawl as an ally
 31749 | Snake:1  | Reached XP level 16. HP: 102/149 MP: 22/26
 32669 | Orc:2    | Found Georasheto's Distillery.
 33303 | Orc:2    | Reached skill level 5 in Earth Magic
 33348 | Orc:2    | Gained Worak as an ally
 33664 | Shoals:4 | Entered Level 4 of the Shoals
 33986 | Shoals:4 | Found a broken altar of Ashenzari.
 34833 | Snake:1  | Noticed Agnes
 34844 | Snake:1  | Killed Agnes
 35055 | Snake:1  | Identified the +5 tower shield of Eternity {rElec Dex-3
                  | Slay+3}
 35055 | Snake:1  | Noticed Louise
 35085 | Snake:1  | Killed Louise
 35310 | Snake:1  | Reached skill level 5 in Transmutations
 36093 | Shoals:4 | Gained Bogward as an ally
 36100 | Shoals:4 | Your ally Bogward died
 36146 | Shoals:4 | Got a barnacled rune of Zot
 37152 | Orc:2    | Found Achiehie's Book Boutique.
 37152 | Orc:2    | Found a one-way gate leading to the halls of Pandemonium.
 37152 | Orc:2    | Found Qodykk's Antique Armour Shop.
 37427 | Orc:2    | Bought runed acid dragon scales for 1505 gold pieces
 38311 | Shoals:3 | Bought an ancient robe for 159 gold pieces
 38311 | Shoals:3 | Identified the +0 robe of the Beekeeper {Harm rElec rF+
                  | Regen+} (You bought it in a shop on level 3 of the Shoals)
 38418 | Shoals:2 | Killed Ymoa's ghost
 38421 | Shoals:2 | Killed Wextibu's ghost
 38440 | Shoals:2 | Killed siradein's ghost
 38935 | D:5      | Killed sokol815's ghost
 39136 | Snake:2  | Reached XP level 17. HP: 149/156 MP: 23/27
 39205 | Snake:2  | Found a runed translucent door.
 39205 | Snake:2  | Found a shimmering altar of Xom.
 39205 | Snake:2  | Noticed PaleWalker's ghost (adept GnWn)
 39587 | Snake:2  | Identified the +11 glaive of Ocik {chaos, rN+}
 39692 | Snake:2  | Found Meshuob's Weapon Boutique.
 39838 | Snake:2  | Found Jukhliosaf's Magic Scroll Emporium.
 39839 | Snake:2  | Found Dayn's General Store.
 39839 | Snake:2  | Found Zisym's General Store.
 39844 | Snake:2  | Found Ufeipp's General Store.
 39856 | Snake:2  | Bought a scroll of enchant weapon for 142 gold pieces
 39860 | Snake:2  | Bought a scroll of enchant armour for 142 gold pieces
 40475 | Snake:3  | Noticed Mlioglotl
 40480 | Snake:3  | Noticed a tentacled starspawn
 40494 | Snake:3  | Killed Mlioglotl
 40495 | Snake:3  | Reached skill level 16 in Fighting
 41991 | Snake:3  | Reached skill level 17 in Fighting
 42330 | Snake:3  | Identified the ring "Lamuax" {rElec Will+}
 42761 | Snake:4  | Entered Level 4 of the Snake Pit
 43142 | Snake:4  | Gained Ortolf as an ally
 44267 | Snake:4  | Reached skill level 18 in Fighting
 44569 | Snake:4  | Mangled by a salamander tyrant

Illustrated notes

Levels and vault maps discovered:
D:1:      dpeg_arrival_shelter, layout_rooms, ebering_ecumenical_altar_box,
          minmay_split_cup_small
D:2:      layout_rooms, kennysheep_jessica_study
D:3:      layout_basic
D:4:      layout_loops_ring, general_overflow_altar,
          nicolae_figureground_sparkle, uniq_crazy_yiuf_cottage, uniq_menkaure,
          uniq_sigmund
D:5:      layout_basic, mainiacjoe_overflow_six_doors_small,
          mainiacjoe_overflow_cross_hatched, gup_sewer_entry_bowl,
          gammafunk_ghost_grave, uniq_duvessa, uniq_grinder
D:6:      layout_loops_ring, serial_shops, shop, uniq_edmund
D:7:      layout_basic, slow_altar_1, kennysheep_okawaru_gauntlet,
          minmay_temple_entry_junction
D:8:      layout_cave_pools
D:9:      layout_basic, erik_orc_2, serial_shops, shop, nrook_mini_backslash,
          corexii_corridor_pit, minmay_fire_ice_demons, uniq_gastronok
D:10:     layout_loops_cross, mainiacjoe_overflow_catch_the_wave,
          minmay_lair_entry_grove, enter_trove_2,
          chequers_serial_rivers_large_b, corexii_hall_statues_deadend,
          minmay_misc_feat_hallway
D:11:     layout_big_octagon, nicolae_transmutations_shop
Temple:   eino_wide_crystal_templ
Lair:1:   layout_hall_layers, serial_bayou_lagoon_b
Lair:2:   layout_misc_corridors, shoals_dummy_entry, serial_bayou_shore_b
Lair:3:   layout_big_grid, minmay_snake_entry_six_corridors,
          gauntlet_entry_generic, grunt_forest_large_clearing_hut
Lair:4:   layout_small_grid
Lair:5:   nzn_winding_woodlands_stair_cross [nzn_winding_woodlands_5x15_twine,
          nzn_winding_woodlands_center_lodge,
          nzn_winding_woodlands_5x15_pockets, nzn_winding_woodlands_hourglass,
          nzn_winding_woodlands_5x5_open_star,
          nzn_winding_woodlands_5x15_garden,
          nzn_winding_woodlands_center_pierced_h,
          nzn_winding_woodlands_5x15_eye], layout_regular_city,
          infiniplex_staircase_pool_2
Lair:6:   evilmike_catoblepas_cave, layout_loops_ring,
          minmay_slime_entry_pillars, grunt_megastairs_5
Shoals:1: layout_shoals, nicolae_shoals_kraken_intersection
Shoals:2: layout_shoals, gammafunk_ghost_cemetery,
          nicolae_shoals_lost_giant_hut, nicolae_shoals_dead_sea_scrolls,
          uniq_polyphemus, uniq_aizul
Shoals:3: layout_shoals, serial_shops, shop, nicolae_shop_overgrown_old_shop,
          shop, nicolae_square_shop, hangedman_shoal_volcano, uniq_ilsuiw
Shoals:4: shoals_end_hangedman, layout_shoals, nicolae_shoals_circle_sea_wall,
          lemuel_oklob_altar
Snake:1:  layout_grid_maze, uniq_louise, uniq_donald, uniq_agnes
Snake:2:  layout_basic, serial_shops, nicolae_shop_bloodbath_and_beyond,
          special_room, ebering_ghost_xom, minmay_shoptagon
Snake:3:  layout_cave_pods, serial_bayou_shore_b, uniq_mlioglotl
Snake:4:  grunt_snake_rune_pools, layout_cave_town,
          nicolae_snake_gridmaze_big_u, nicolae_snake_biting_tails
Orc:1:    cheibrodos_orc_arena, layout_diamond_mine, special_room
          [special_room_kobold], roderic_batcave, led_sif_book
Orc:2:    pf_orc_diabolical, layout_diamond_mine

Skill      XL: |  1  2  3  4  5  6  7  8  9 10 11 12 13 14 15 16 17 |
---------------+----------------------------------------------------+-----
Spellcasting   | 2 3 4 5 6 7 |  7.0
Fighting       | 1 2 3 4 5 9 10 13 15 18 | 18.1
Axes           | 1 2 |  2.0
Necromancy     | 5 |  5.0
Long Blades    | 2 3 5 8 11 14 | 14.0
Ice Magic      | 2 3 4 5 7 |  7.0
Dodging        | 2 3 5 |  5.0
Invocations    | 2 5 10 | 10.0
Translocations | 2 3 4 6 7 |  7.0
Armour         | 1 5 10 11 | 11.0
Shields        | 4 |  4.0
Evocations     | 5 |  5.0
Transmutations | 4 7 8 |  8.0
Earth Magic    | 3 9 |  9.0
Stealth        | |  1.5

Action                   |  1- 3 |  4- 6 |  7- 9 | 10-12 | 13-15 | 16-18 || total
-------------------------+-------+-------+-------+-------+-------+-------++-------
Melee: Unarmed           |     7 |       |       |       |       |       ||     7
       War axe           |     9 |     6 |       |       |       |       ||    15
       Demon blade       |       |   142 |   390 |   770 |  1022 |   914 ||  3238
       Punch             |       |     1 |     7 |     8 |       |       ||    16
       Scimitar          |       |       |       |     9 |    18 |       ||    27
       Long sword        |       |       |       |       |       |    15 ||    15
 Fire: Hand crossbow     |       |       |     2 |       |       |       ||     2
 Cast: Pain              |    62 |    16 |     2 |    17 |    16 |       ||   113
       Ozocubu's Armour  |       |     2 |    31 |    48 |    83 |    75 ||   239
       Vampiric Draining |       |       |     7 |     3 |     1 |       ||    11
       Manifold Assault  |       |       |       |       |     5 |     7 ||    12
       Statue Form       |       |       |       |       |       |     1 ||     1
Invok: Convert to Beogh  |       |       |     1 |       |       |       ||     1
       Smiting           |       |       |       |     3 |     4 |     4 ||    11
       Give Item to Name |       |       |       |       |     8 |     2 ||    10
       Recall Orcish Fol |       |       |       |       |    33 |    20 ||    53
       Stop Recall       |       |       |       |       |    15 |     9 ||    24
       Resurrection      |       |       |       |       |     2 |     2 ||     4
Evoke: Wand              |       |       |       |       |     4 |     6 ||    10
  Use: Scroll            |       |       |    14 |    13 |    10 |     4 ||    41
       Potion            |       |       |       |     5 |     8 |     8 ||    21
 Stab: Sleeping          |       |     5 |     4 |    13 |    20 |    21 ||    63
       Distracted        |       |       |       |     6 |     9 |     3 ||    18
Armor: Robe              |     2 |    39 |   178 |       |       |       ||   219
       Steam dragon scal |       |       |    23 |   320 |   487 |   497 ||  1327
       Ice dragon scales |       |       |     1 |       |       |       ||     1
       Skin              |       |       |       |       |       |    20 ||    20
Dodge: Dodged            |    18 |   122 |   221 |   339 |   479 |   471 ||  1650
Block: Buckler           |       |       |       |    63 |   227 |   236 ||   526

Table legend: (Time is in decaauts)
 A = Elapsed time spent in this place.
 B = Non-inter-level travel time spent in this place.
 C = Inter-level travel time spent in this place.
 D = Time resting spent in this place.
 E = Time spent auto-exploring this place.
 F = Levels seen in this place.
 G = Mean time per level.
                   A        B        C        D        E       F      G
               +--------+--------+--------+--------+--------+-----+--------+
         Total |  43881 |  35400 |   8481 |   8964 |  10040 |  30 | 1462.7 |
       Dungeon |  16354 |  14283 |   2071 |   5224 |   5298 |  11 | 1486.7 |
        Temple |     93 |     88 |      5 |      0 |      0 |   1 |   93.0 |
          Lair |  11052 |   6709 |   4343 |    761 |   2818 |   6 | 1842.0 |
        Shoals |   6008 |   5099 |    909 |    930 |    169 |   4 | 1502.0 |
     Snake Pit |   5786 |   5092 |    694 |   1583 |   1495 |   4 | 1446.5 |
  Orcish Mines |   3647 |   3189 |    458 |     75 |    259 |   2 | 1823.5 |
         Sewer |    137 |    137 |      0 |      0 |      0 |   1 |  137.0 |
      Gauntlet |    801 |    801 |      0 |    391 |      0 |   1 |  801.0 |
               +--------+--------+--------+--------+--------+-----+--------+

Top non-repeatable levels by time:
  Lair:1: 3987 daAuts
     D:9: 3002 daAuts
  Lair:2: 2225 daAuts
   Orc:2: 2179 daAuts
Shoals:2: 1765 daAuts
     D:5: 1726 daAuts
 Snake:1: 1666 daAuts
     D:6: 1657 daAuts
     D:3: 1537 daAuts
Shoals:1: 1509 daAuts
 Snake:3: 1496 daAuts
   Orc:1: 1467 daAuts
  Lair:3: 1466 daAuts
Shoals:3: 1455 daAuts
     D:4: 1441 daAuts
